 Dungeon Crawl Stone Soup version bcrawl-1.12.2 (webtiles) character file.

Game seed: 14146418588587767573

34 RedPan the Slasher (level 3, 0/23 HPs)
             Began as an Avariel Reaver on July 23, 2019.
             Was an Initiate of Vehumet.
             Succumbed to an adder's poison
             ... on level 2 of the Dungeon.
             The game lasted 00:02:06 (768 turns).

RedPan the Slasher (Avariel Reaver)                  Turns: 768, Time: 00:02:07

Health: 0/23       AC:  6    Str:  9    XL:     3   Next: 31%
Magic:  9/9        EV: 13    Int: 19    God:    Vehumet [......]
Gold:   55         SH:  5    Dex: 12    Spells: 8/8 levels left

rFire    . . .     SeeInvis .   a - +0 long sword
rCold    . . .     Gourm    .   (no shield)
rNeg     . . .     Faith    .   b - +1 steam dragon scales
rPois    .         Spirit   .   (no helmet)
rElec    .         Reflect  +   (no cloak)
rCorr    .         Harm     .   (no gloves)
MR       .....     Clarity  +   (no boots)
Stlth    +.........             i - +4 amulet of reflection
HPRegen  0.07/turn              (no ring)
MPRegen  0.11/turn              (no ring)

@: lethally poisoned (0 -> -2)
A: clarity, deterioration 1, MP-powered wands
a: Renounce Religion


You were on level 2 of the Dungeon.
You worshipped Vehumet.
Vehumet was noncommittal.
You were not hungry.

You visited 1 branch of the dungeon, and saw 2 of its levels.

You collected 55 gold pieces.

Inventory:

Hand Weapons
 a - a +0 long sword (weapon)
Armour
 b - +1 steam dragon scales (worn)
Jewellery
 i - a +4 amulet of reflection (around neck)
Scrolls
 d - a scroll of immolation
 e - a scroll of enchant weapon {unknown}
Potions
 c - a potion of haste
Comestibles
 f - 2 rations {!d}


   Skills:
 + Level 3.0 Fighting
 - Level 4.3 Long Blades
 - Level 3.2 Dodging
 - Level 3.0 Spellcasting


You had 8 spell levels left.
You didn't know any spells.
Your spell library contained the following spells:

 Spells                   Type           Power        Failure   Level  Hunger
 Iskenderun's Battlesphe  Conj/Chrm      #.......     99%         5    ######.


Dungeon Overview and Level Annotations

Branches:
Dungeon (2/12)

Altars:


Innate Abilities, Weirdness & Mutations

You possess an exceptional clarity of mind.
Your body sometimes deteriorates upon taking damage.
You expend magic power (3 MP) to strengthen your wands.


Message History

You feel your magical essence link to your wands.
Your thoughts seem clearer.
* * * LOW HITPOINT WARNING * * *
You feel sick.
There is a lethal amount of poison in your body!
* * * LOW HITPOINT WARNING * * *
You feel sick.
* * * LOW HITPOINT WARNING * * *
You feel sick.
Found 13 gold pieces.
* * * LOW HITPOINT WARNING * * *
You feel sick.
Found a scroll labeled REXUSS QUININYDGHU.
* * * LOW HITPOINT WARNING * * *
You feel sick.
You see here a scroll labeled REXUSS QUININYDGHU.
e - a scroll labeled REXUSS QUININYDGHU
* * * LOW HITPOINT WARNING * * *
You feel sick.
You die...

#.# #.#
##.#
##..#
#..##
#.##
##.#
#..#
#@##
#...)..#
#.$....#
#.....##
#.....
#.....
#.....
#.....


There were no monsters in sight!

Vanquished Creatures
  An adder (D:2)
  A leopard gecko (D:1)
  5 bats (D:1)
  7 goblins (D:1)
  A hobgoblin (D:1)
  3 kobolds (D:1)
  A giant cockroach zombie (D:1)
  A leopard gecko zombie (D:1)
  3 rats (D:1)
23 creatures vanquished.

Notes
Turn   | Place    | Note
-------+----------+-------------------------------------------
     0 | D:1      | RedPan the Avariel Reaver began the quest for the Orb.
     0 | D:1      | Reached XP level 1. HP: 13/13 MP: 6/6
   207 | D:1      | Reached XP level 2. HP: 18/18 MP: 8/8
   420 | D:1      | Reached skill level 4 in Long Blades
   520 | D:1      | Reached XP level 3. HP: 15/22 MP: 9/9
   750 | D:2      | Gained mutation: Your body sometimes deteriorates upon
                  | taking damage. [potion of mutation]
   750 | D:2      | Gained mutation: You expend magic power (3 MP) to
                  | strengthen your wands. [potion of mutation]
   750 | D:2      | Gained mutation: You possess an exceptional clarity of
                  | mind. [potion of mutation]
   764 | D:2      | HP: 1/23 [poisoned by an adder]
   768 | D:2      | Succumbed to an adder's poison

Skill      XL: |  1  2  3 |
---------------+----------+-----
Spellcasting   | 3 |  3.0
Long Blades    | 4 |  4.3
Fighting       | 3 |  3.0
Dodging        | |  3.2

Action                   || total
-------------------------++-------
Melee: Long sword        ||    82
  Use: Scroll            ||     3
       Potion            ||     1
Armor: Steam dragon scal ||    34
Dodge: Dodged            ||    44
Block: Other             ||    12
